 Dungeon Crawl Stone Soup version 0.31-a0-1074-g0b22e4e0f1 (webtiles) character file.

Game seed: 11152090568888789229

196 Jeffwins the Shooter (level 5, -3/45 HPs)
             Began as a Hill Orc Hunter on Dec 8, 2023.
             Slain by a water moccasin (5 damage)
             ... on level 4 of the Dungeon.
             The game lasted 00:05:29 (3305 turns).

Jeffwins the Shooter (Hill Orc Hunter)              Turns: 3305, Time: 00:05:30

Health: -3/45      AC:  5    Str: 14    XL:     5   Next: 74%
Magic:  6/6        EV: 11    Int: 11    God:
Gold:   64         SH:  0    Dex: 14    Spells: 1/6 levels left

rFire   + . .        b - +2 dagger (venom)
rCold   . . .        (no shield)
rNeg    . . .        u - +2 leather armour {rF+}
rPois   .            (no helmet)
rElec   .            (no cloak)
rCorr   .            (no gloves)
SInv    .            (no boots)
Will    +....        m - amulet of magic regeneration
Stlth   ++           Z - ring of wizardry
HPRegen 0.27/turn    l - ring of willpower
MPRegen 0.50/turn

%: wizardry (x1)
@: lethally poisoned (-3 -> -11)
A: no striking features
a: no special abilities


You were on level 4 of the Dungeon.
You visited 1 branch of the dungeon, and saw 4 of its levels.

You collected 164 gold pieces.
You spent 100 gold pieces at shops.


   Skills:
 + Level 3.3 Fighting
 * Level 4.5 Ranged Weapons
 - Level 1.5 Dodging
 + Level 2.0 Stealth
 + Level 1.1 Spellcasting
 + Level 1.2 Conjurations
 + Level 0.4 Transmutations
 + Level 0.9 Air Magic
 + Level 0.9 Poison Magic


You had one spell level left.
You knew the following spells:

 Your Spells              Type           Power      Damage    Failure   Level
x - Wereblood             Tmut           1%         N/A       21%         2
z - Mephitic Cloud        Conj/Pois/Air  2%         N/A       30%         3

Your spell library contained the following spells:

 Spells                   Type           Power      Damage    Failure   Level
 Magic Dart               Conj           12%        1d3       10%         1
 Blink                    Tloc           0%         N/A       24%         2
 Call Imp                 Summ           0%         N/A       24%         2
 Inner Flame              Hex/Fire       0%         N/A       43%         3
 Manifold Assault         Tloc           0%         N/A       82%         4
 Irradiate                Conj/Tmut      1%         3d12      95%         5
 Yara's Violent Unravell  Hex/Tmut       0%         3d3       98%         5
 Enfeeble                 Hex            0%         N/A       100%        7

Inventory:

Hand Weapons
 a - a +0 shortbow
 b - a +2 dagger of venom (weapon)
Missiles
 A - 3 poisoned darts
Armour
 u - a +2 leather armour of fire resistance (worn)
Jewellery
 l - a ring of willpower (right hand)
 m - an amulet of magic regeneration (around neck)
 R - a ring of resist corrosion
 Z - a ring of wizardry (left hand)
Talismans
 p - a storm talisman
Scrolls
 c - a scroll of revelation {unknown}
 d - a scroll of noise {unknown}
 g - a scroll of poison {unknown}
 h - a scroll of butterflies
 i - a scroll of teleportation {@r4}
 n - a scroll of blinking
 o - a scroll of enchant weapon {unknown}
 s - a scroll of vulnerability {!r}
 t - a scroll of enchant armour
 y - a scroll of fear {unknown}
Potions
 e - a potion of enlightenment {unknown}
 f - 2 potions of heal wounds {unknown}
 j - a potion of cancellation {unknown}
 k - 2 potions of curing {unknown}
 q - a potion of invisibility {unknown}
 r - a potion of resistance {unknown}
 v - a potion of mutation {unknown}
 w - a potion of brilliance {unknown}
 x - a potion of degeneration {unknown}
 z - a potion of lignification {unknown}

Dungeon Overview and Level Annotations

Branches:
Dungeon (4/15)
 Temple: D:4-7

Altars:

Shops:
D:4

[ ..#...##................
..##############........
.........# #.......###
.........# #.......#
.........# #.......#
.........# #.......#
........)# #.......#
.........# #..S....#
.........# #..@....#
.........# #.......#
.∩.......# #.......#
......#### ######### ......#
.....># ......# .<....#
......#######################


You could see a water moccasin (very poisoned).


Message History

You feel sick.
The water moccasin completely misses you.
Unknown command.
You miss the water moccasin.
The water moccasin is severely wounded.
You feel sick. The water moccasin closely misses you.
Unknown command.
You hit the water moccasin.
The water moccasin is poisoned.
The water moccasin is severely wounded.
You feel sick. The water moccasin bites you.
* * * LOW HITPOINT WARNING * * *
The water moccasin bites you.
* * * LOW HITPOINT WARNING * * *
Unknown command.
You barely miss the water moccasin.
The water moccasin is severely wounded.
You feel sick. The water moccasin barely misses you.
Unknown command.
You hit the water moccasin but do no damage.
The water moccasin is almost dead.
You feel sick. The water moccasin bites you.
* * * LOW HITPOINT WARNING * * *
You are lethally poisoned!
The water moccasin poisons you!
The water moccasin bites you but does no damage.
You miss the water moccasin.
The water moccasin is almost dead.
* * * LOW HITPOINT WARNING * * *
You feel sick. The water moccasin bites you.
You die...

Skill      XL: |  1  2  3  4  5 |
---------------+----------------+-----
Stealth        | 1 2 |  2.0
Ranged Weapons | 4 |  4.5
Fighting       | 3 |  3.3
Spellcasting   | 1 |  1.1
Conjurations   | 1 |  1.2
Dodging        | |  1.5
Transmutations | |  0.4
Air Magic      | |  0.9
Poison Magic   | |  0.9

Action                     |  1- 3 |  4- 6 || total
---------------------------+-------+-------++-------
  Melee: Dagger            |       |    14 ||    14
   Fire: Shortbow          |   104 |   140 ||   244
  Throw: Dart              |       |     3 ||     3
         Throwing net      |       |     1 ||     1
    Use: Scroll            |       |     4 ||     4
 Armour: Leather armour    |     6 |    55 ||    61
  Dodge: Dodged            |    14 |    67 ||    81

Levels and vault maps discovered:
D:1:      shiori_arrival_maze, layout_basic
D:2:      layout_basic
D:3:      minmay_bubble_buster, layout_basic
D:4:      layout_gridville, serial_co_window_serial, co_window_corner_a,
          co_window_paths_a, co_window_paths_a, co_window_cross_1,
          co_window_corner_a, co_window_corner_b, co_window_corner_cb,
          co_window_corner_b, glass_columns_b, glass_columns_c, serial_shops,
          shop

Notes
Turn   | Place    | Note
-------+----------+-------------------------------------------
     0 | D:1      | Jeffwins the Hill Orc Hunter began the quest for the Orb.
     0 | D:1      | Reached XP level 1. HP: 18/18 MP: 1/1
    81 | D:1      | Reached skill level 1 in Stealth
    88 | D:1      | Reached XP level 2. HP: 25/25 MP: 2/2
   345 | D:1      | Reached skill level 4 in Ranged Weapons
   345 | D:1      | Reached XP level 3. HP: 28/30 MP: 3/3
   551 | D:2      | Learned a level 3 spell: Mephitic Cloud
  1221 | D:3      | Reached skill level 3 in Fighting
  1347 | D:3      | Reached XP level 4. HP: 38/38 MP: 5/5
  2174 | D:3      | Reached skill level 1 in Spellcasting
  2187 | D:3      | Learned a level 2 spell: Wereblood
  2228 | D:3      | Reached skill level 1 in Conjurations
  2383 | D:4      | Found Relo's Antique Armour Boutique.
  2391 | D:4      | Bought a glowing leather armour for 100 gold pieces
  2456 | D:4      | Reached XP level 5. HP: 39/45 MP: 6/6
  2582 | D:4      | Noticed a water moccasin
  3074 | D:4      | Reached skill level 2 in Stealth
  3304 | D:4      | HP: 4/45 [water moccasin (6)]
  3305 | D:4      | Slain by a water moccasin

Vanquished Creatures
  A scorpion (D:4)
  5 adders
  A worm (D:3)
  3 dart slugs
  2 orcs
  9 endoplasms
  3 giant cockroaches
  13 goblins
  7 hobgoblins
  9 kobolds
  3 quokkas
  9 ball pythons
  8 bats
  3 frilled lizards
  2 rats
78 creatures vanquished.

Table legend: (Time is in decaauts)
 A = Elapsed time spent in this place.
 B = Non-inter-level travel time spent in this place.
 C = Inter-level travel time spent in this place.
 D = Time resting spent in this place.
 E = Time spent auto-exploring this place.
 F = Levels seen in this place.
 G = Mean time per level.
                   A        B        C        D        E       F      G
               +--------+--------+--------+--------+--------+-----+--------+
         Total |   3359 |   3318 |     41 |      2 |   2783 |   4 |  839.8 |
       Dungeon |   3359 |   3318 |     41 |      2 |   2783 |   4 |  839.8 |
               +--------+--------+--------+--------+--------+-----+--------+

Top non-repeatable levels by time:
     D:3: 1186 daAuts
     D:4: 930 daAuts
     D:2: 704 daAuts
     D:1: 537 daAuts

Table legend:
 A = Non-vault XP
 B = Vault XP
 C = Vault XP percentage of total XP
 D = Non-vault monster count
 E = Vault monster count
 F = Vault count percentage of total count
                 A         B        C        D         E       F
            +---------+---------+-------+---------+---------+-------
      Total |     251 |      29 |  10.4 |      64 |      14 |  17.9
            +---------+---------+-------+---------+---------+-------
        D:1 |      33 |       3 |   8.3 |      21 |       2 |   8.7
        D:2 |      36 |       0 |   0.0 |      14 |       0 |   0.0
        D:3 |      61 |      26 |  29.9 |      19 |      12 |  38.7
        D:4 |     121 |       0 |   0.0 |      10 |       0 |   0.0
            +---------+---------+-------+---------+---------+-------
